Map: Deathaura LE

Players

EnDerr - Winner!

  • Race: Zerg Zerg
  • Spawn Location: 11:00

TeebuL

  • Race: Protoss Protoss
  • Spawn Location: 5:00

Event: DreamHack SC2 Masters 2020 Winter

VOD

Have the link to the VOD?

Description

Time

  • Played on: Oct. 21, 2020, 6:39 a.m.
  • Length: 11:37

All games in this series

Show
View Real Time Build Order
Export as new Build Order

EnDerr Zerg - Winner!

Build Orders: Pool First 

Get SALT Encoding   

  12  0:00  Drone  
  13  0:12  Overlord  
  13  0:17  Drone  
  14  0:31  Drone x2  
  16  0:40  Spawning Pool  
  15  0:42  Extractor  
  15  0:47  Drone  
  15  0:50  Drone  
  15  0:56  Drone  
  17  1:07  Drone  
  18  1:27  Queen  
  18  1:28  Zergling x4  
  22  1:43  Metabolic Boost  
  22  1:47  Overlord  
  22  2:01  Hatchery  
  22  2:07  Drone x2  
  23  2:09  Queen  
  25  2:18  Overlord  
  25  2:36  Drone x2  
  27  2:38  Drone x3  
  30  2:46  Zergling x2  
  31  3:00  Hatchery  
  31  3:04  Pneumatized Carapace  
  30  3:06  Overlord  
  30  3:09  Drone  
  31  3:13  Drone  
  31  3:18  Drone  
  31  3:19  Drone  
  33  3:20  Drone  
  34  3:29  Queen  
  36  3:34  Spore Crawler  
  36  3:35  Drone x2  
  37  3:46  Drone x3  
  40  3:52  Drone  
  40  3:53  Drone  
  41  3:59  Drone x6  
  47  4:03  Spore Crawler  
  47  4:09  Overlord  
  46  4:11  Zergling x2  
  46  4:13  Zergling x2  
  46  4:14  Queen  
  50  4:22  Zergling x10  
  54  4:34  Drone, Lair  
  54  4:36  Drone  
  54  4:37  Drone  
  57  4:38  Spore Crawler  
  57  4:42  Drone  
  57  4:43  Drone  
  57  4:44  Drone  
  58  4:47  Drone x2  
  58  4:48  Drone  
  58  4:50  Drone  
  61  4:57  Roach Warren  
  60  5:01  Drone x2  
  60  5:02  Drone  
  60  5:03  Drone  
  60  5:04  Drone  
  65  5:07  Overlord x2  
  65  5:19  Evolution Chamber, Overlord x2  
  64  5:24  Extractor  
  64  5:25  Extractor  
  62  5:30  Drone x6  
  62  5:35  Hatchery  
  67  5:40  Drone x3  
  67  5:41  Drone x2  
  72  5:53  Overlord  
  72  5:54  Extractor x2  
  72  5:55  Extractor  
  72  5:56  Zerg Melee Weapons Level 1  
  69  6:00  Overlord  
  69  6:03  Drone  
  69  6:04  Drone x3  
  72  6:05  Drone x5  
  72  6:09  Spire  
  77  6:12  Zergling x10  
  77  6:15  Zergling x4  
  80  6:24  Zergling x8  
  80  6:30  Drone x2  
  77  6:32  Queen  
  77  6:35  Overlord  
  77  6:36  Drone x2  
  80  6:47  Drone x3  
  80  6:48  Drone  
  80  6:52  Overlord  
  80  6:53  Drone  
  80  6:54  Drone x3  
  85  7:02  Drone x4  
  85  7:04  Drone x3  
  85  7:08  Overlord  
  92  7:15  Extractor  
  90  7:17  Extractor  
  89  7:26  Zerg Flyer Weapons Level 1  
  89  7:27  Mutalisk x8, Nydus Network  
  104  7:41  Drone x2, Spore Crawler, Overlord x2  
  104  7:44  Mutalisk x2  
  105  7:46  Mutalisk  
  105  7:48  Mutalisk  
  106  7:53  Mutalisk  
  106  7:58  Mutalisk  
  106  7:59  Queen  
  106  8:02  Mutalisk  
  112  8:05  Hatchery  
  112  8:07  Zergling x16  
  112  8:11  Mutalisk x2  
  123  8:19  Mutalisk  
  125  8:21  Overlord  
  125  8:22  Mutalisk  
  125  8:25  Mutalisk  
  129  8:30  Mutalisk  
  129  8:31  Zergling x4  
  129  8:32  Zergling x14  
  140  8:40  Zergling x16  
  148  8:47  Mutalisk  
  148  8:48  Mutalisk x2  
  152  8:49  Overlord  
  152  8:54  Mutalisk  
  143  8:56  Mutalisk  
  143  9:01  Mutalisk  
  129  9:06  Mutalisk  
  119  9:10  Zergling x22  
  119  9:11  Mutalisk  
  119  9:15  Queen  
  124  9:18  Mutalisk  
  122  9:24  Drone x4  
  122  9:25  Drone x2  
  122  9:28  Drone x2  
  122  9:29  Drone  
  130  9:35  Mutalisk  
  130  9:36  Mutalisk  
  134  9:45  Mutalisk  
  133  9:48  Extractor, Corruptor  
  131  9:54  Corruptor  
  131  9:55  Overlord  
  133  10:01  Queen  
  133  10:03  Mutalisk x2  
  133  10:05  Zergling x18  
  148  10:08  Mutalisk  
  148  10:15  Mutalisk  
  148  10:18  Baneling Nest  
  149  10:22  Drone x3  
  149  10:26  Drone  
  149  10:27  Drone x4  
  157  10:29  Mutalisk  
  157  10:31  Drone  
  157  10:32  Drone x2  
  157  10:35  Overseer  
  162  10:36  Overlord  
  162  10:39  Mutalisk x2  
  166  10:46  Mutalisk  
  166  10:48  Mutalisk  
  170  10:52  Zergling x16  
  178  11:00  Mutalisk  
  178  11:02  Mutalisk  
  178  11:03  Mutalisk  
  171  11:06  Mutalisk  
  171  11:10  Mutalisk  
  163  11:12  Zergling x18  
  163  11:17  Zergling x6  
Show
View Real Time Build Order
Export as new Build Order

TeebuL Protoss 

Build Orders: 1 Gate Expand, Oracle Opening, Zealot Archon 

Get SALT Encoding   

  12  0:00  Probe  
  13  0:12  Probe  
  14  0:18  Pylon  
  14  0:24  Probe  
  15  0:36  Probe (Chrono Boost)  
  15  0:37  Gateway  
  16  0:48  Probe (Chrono Boost)  
  16  0:49  Assimilator  
  17  0:52  Probe (Chrono Boost)  
  18  1:03  Probe  
  19  1:15  Probe  
  20  1:22  Pylon  
  20  1:25  Cybernetics Core  
  20  1:27  Probe  
  21  1:41  Nexus  
  21  1:45  Probe  
  22  1:53  Assimilator  
  22  1:59  Pylon  
  22  2:02  Probe  
  23  2:10  Warp Gate  
  23  2:14  Adept (Chrono Boost)  
  23  2:19  Probe  
  23  2:20  Shield Battery  
  25  2:32  Probe  
  25  2:34  Adept (Chrono Boost)  
  26  2:41  Stargate  
  26  2:44  Probe  
  29  2:54  Probe  
  29  2:56  Probe  
  29  2:57  Adept  
  33  3:08  Probe (Chrono Boost)  
  33  3:09  Probe (Chrono Boost)  
  35  3:20  Probe (Chrono Boost)  
  35  3:22  Probe (Chrono Boost), Oracle (Chrono Boost)  
  35  3:24  Probe (Chrono Boost)  
  39  3:29  Pylon, Adept  
  39  3:30  Probe  
  42  3:35  Probe  
  42  3:38  Gateway  
  43  3:42  Probe  
  43  3:47  Probe  
  45  3:49  Oracle (Chrono Boost)  
  45  3:55  Probe  
  49  3:58  Assimilator  
  49  3:59  Probe  
  49  4:00  Assimilator  
  50  4:07  Pylon, Probe  
  50  4:09  Robotics Facility  
  51  4:11  Probe  
  51  4:13  Stalker  
  54  4:25  Probe x2  
  56  4:37  Nexus  
  56  4:38  Probe x2  
  57  4:39  Pylon  
  58  4:50  Probe x2  
  60  4:53  Sentry  
  60  4:54  Pylon  
  60  4:57  Observer  
  63  5:00  Adept  
  63  5:05  Probe  
  66  5:08  Twilight Council  
  66  5:09  Probe  
  66  5:11  Forge  
  67  5:17  Probe  
  67  5:19  Gateway, Sentry  
  70  5:22  Gateway  
  70  5:24  Probe  
  71  5:29  Probe  
  71  5:33  Adept  
  74  5:36  Probe  
  74  5:40  Void Ray  
  74  5:41  Probe  
  76  5:45  Shield Battery  
  76  5:46  Charge (Chrono Boost)  
  76  5:48  Protoss Ground Weapons Level 1 (Chrono Boost), Probe  
  76  5:49  Pylon  
  81  5:52  Probe  
  81  5:54  Probe  
  83  6:01  Templar Archives  
  83  6:08  Probe  
  84  6:15  Immortal (Chrono Boost)  
  88  6:19  Probe x2  
  88  6:22  Observer  
  88  6:27  Probe  
  86  6:32  Probe  
  86  6:33  Probe  
  86  6:35  Sentry  
  86  6:38  Photon Cannon  
  85  6:40  Pylon  
  85  6:41  Assimilator x2  
  85  6:47  Zealot x3  
  85  6:48  Probe  
  85  6:50  Immortal  
  96  6:54  Probe  
  96  6:59  Probe  
  98  7:01  Probe  
  98  7:03  Pylon  
  99  7:10  Gateway x2  
  99  7:13  Gateway  
  99  7:14  Gateway  
  99  7:18  High Templar  
  99  7:19  High Templar x3  
  99  7:22  Pylon  
  107  7:26  Pylon x2  
  107  7:28  Warp Prism (Chrono Boost)  
  107  7:29  Archon  
  109  7:30  Archon  
  109  7:33  Pylon x2  
  109  7:43  Photon Cannon  
  109  7:45  Photon Cannon  
  109  7:52  Zealot  
  109  7:54  Zealot x3  
  109  7:55  Psionic Storm, Protoss Ground Weapons Level 2 (Chrono Boost)  
  117  8:03  Probe  
  117  8:04  Probe  
  119  8:06  Probe  
  120  8:17  High Templar x3  
  126  8:20  Nexus  
  126  8:22  Stalker x5  
  126  8:25  Archon  
  135  8:27  Phoenix (Chrono Boost)  
  135  8:28  Photon Cannon  
  137  8:38  Pylon  
  137  8:39  Shield Battery  
  137  8:41  Pylon  
  133  8:45  Archon x2  
  133  8:46  Archon  
  133  8:47  High Templar  
  133  8:48  High Templar  
  137  8:50  Stalker x2  
  137  8:52  Archon  
  123  9:03  Phoenix (Chrono Boost)  
  123  9:09  Stargate  
  121  9:11  Pylon  
  121  9:14  Zealot x2  
  115  9:18  Photon Cannon  
  115  9:19  Phoenix (Chrono Boost)  
  115  9:21  Shield Battery  
  115  9:22  Fleet Beacon, Probe  
  106  9:29  Stalker x2  
  104  9:39  Shield Battery  
  104  9:41  Photon Cannon x2, Phoenix (Chrono Boost)  
  100  9:55  Phoenix (Chrono Boost)  
  100  9:58  Stalker x5  
  100  9:59  Phoenix (Chrono Boost)  
  112  10:05  Probe x4  
  116  10:12  Assimilator, Anion Pulse-Crystals (Chrono Boost)  
  114  10:17  Assimilator, Phoenix (Chrono Boost), Probe  
  114  10:19  Probe  
  114  10:22  Zealot x5  
  124  10:28  Dark Shrine  
  124  10:31  Zealot x2  
  124  10:32  Zealot  
  120  10:40  Shield Battery x2  
  120  10:43  Phoenix x2  
  120  10:49  Stalker  
  126  10:50  Zealot x3  
  126  10:51  High Templar  
  126  10:52  Probe  
  126  10:53  Probe  
  126  10:56  Probe  
  137  11:04  Stalker x2  
  129  11:08  Phoenix x2  
  123  11:11  Stalker x2  
  123  11:15  Stalker  
  109  11:23  Stalker x2  
  93  11:27  Stalker  
  93  11:28  Stalker  
  93  11:31  Stalker  
Tags
 
Add a new tag
Caveats
  • Supply blocks, unpowered buildings, or Contaminate may cause inaccurate times.
  • Supply counts are checked every 10 seconds.